 Dungeon Crawl Stone Soup version 0.31-a0-431-g88bdf31460 (webtiles) character file.

Game seed: 11040496012607311494

1168 lunkers the Martial Artist (level 9, -1/64 HPs)
             Began as a Meteoran Shapeshifter on July 31, 2023.
             Slain by a gnoll
             ... wielding a +0 spear
             ... led by a gnoll bouda
              (7 damage)
             ... on level 5 of the Dungeon.
             The game lasted 00:04:16 (1944 turns).

lunkers the Martial Artist (Meteoran Shapeshifter)  Turns: 1944, Time: 00:04:16

Health: -1/64      AC:  6    Str: 18    XL:     9   Next: 0%
Magic:  10/10      EV: 12    Int:  9    God:
Gold:   164        SH:  0    Dex: 19    Spells: 8/8 levels left

rFire   . .          .
                       - Unarmed
rCold   . . .        (no shield)
rNeg    . . .        f - +1 ring mail
rPois   +            (helmet currently unavailable)
rElec   .            (cloak currently unavailable)
rCorr   .            (gloves currently unavailable)
SInv    .            (boots currently unavailable)
Will    +....        (no amulet)
Stlth   +            k - ring of poison resistance
HPRegen 0.30/turn    (no ring)
MPRegen 0.12/turn

%: no passive effects
@: beast-form, glowing
A: beast (slay +2), sense surroundings 2, otherworldly, glowing, explore regen
a: Begin Untransformation


You were on level 5 of the Dungeon.
You were a hulking beast.
You visited 1 branch of the dungeon, and saw 5 of its levels.

You collected 164 gold pieces.

Inventory:

Armour
 a - a +0 cloak
 f - a +1 ring mail (worn)
 i - a +0 helmet
Jewellery
 k - a ring of poison resistance (left hand)
Talismans
 c - a beast talisman (active)
Wands
 j - a wand of paralysis (3)
 m - a wand of iceblast (7)
Potions
 b - a potion of mutation
 d - a potion of resistance
 e - a potion of haste
 g - 3 potions of brilliance
 h - a potion of curing
 n - 2 potions of heal wounds {unknown}


   Skills:
 + Level 1.5 Fighting
 + Level 2.8 Dodging
 - Level 12.0 Unarmed Combat
 - Level 3.6 Shapeshifting


You had 8 spell levels left.
You didn't know any spells.
Your spell library contained the following spells:

 Spells                   Type           Power      Damage    Failure   Level
 Stone Arrow              Conj/Erth      0%         3d7       91%         3
 Animate Armour           Summ/Erth      0%         N/A       100%        4
 Lehudib's Crystal Spear  Conj/Erth      0%         10d2      100%        8


Dungeon Overview and Level Annotations

Branches:
Dungeon (5/15) Zot: 1085
 Temple: D:4-7

Altars:
Ashenzari
Dithmenos


Innate Abilities, Weirdness & Mutations

You are a hulking beast.
Your limbs bulge with bestial killing power. (Slay +2)
You passively map the area around you.
You are easily found by Zot.
You glow in the dark.
You regain HP and MP as you explore.


Message History

You hit the gnoll.
The gnoll is heavily wounded.
The gnoll hits you from afar with a +0 spear.
The gnoll bouda calls upon its god to heal the gnoll.
The gnoll is healed somewhat.
The gnoll hits you with a +0 flail. The gnoll barely misses you.
You hit the gnoll.
The gnoll is moderately wounded.
The gnoll closely misses you. The gnoll completely misses you.
The gnoll hits you with a +0 flail.
You punch the gnoll!
The gnoll is almost dead.
Your attacks no longer feel as feeble.
A gnoll comes into view. It is wielding a +0 whip. x2
You punch the gnoll bouda!
The gnoll bouda is severely wounded.
The gnoll hits you from afar with a +0 spear.
* * * LOW HITPOINT WARNING * * *
The gnoll hits you with a +0 whip!
* * * LOW HITPOINT WARNING * * *
The gnoll bouda barks out a call to the hunt!
The gnoll bouda picks up the pace!
The gnoll barely misses you.
You hear a shout!
You closely miss the gnoll bouda.
The gnoll bouda is severely wounded.
The gnoll hits you from afar with a +0 spear.
* * * LOW HITPOINT WARNING * * *
The gnoll hits you with a +0 flail.
* * * LOW HITPOINT WARNING * * *
The gnoll bouda hits you with a +0 whip of electrocution.
* * * LOW HITPOINT WARNING * * *
You are electrocuted!
* * * LOW HITPOINT WARNING * * *
You punch the gnoll bouda!
You kill the gnoll bouda!
The gnoll hits you with a +0 flail.
* * * LOW HITPOINT WARNING * * *
The gnoll hits you from afar with a +0 spear!
You die...

#.....### #.. #.....# #..
#.....# #.. #.....# #..
###### #####.....#####..
*#.....##.........#...###
......g#.........#.....#
.....gg#.........#.....#
.....ggh.........#.....'
....g###)..<.[...#######
*... ,#....[#'###......##
. #..g..#...#......#.
#..g..#...#......'.
,#..)..#...#......#. **
#.....#####......## ,,,
...##### ####..... , , ,
,....# #.....


You could see a gnoll bouda (swift) and 7 gnolls.

Vanquished Creatures
  Pikel (D:5)
  Grinder (D:5)
  An ice beast (D:5)
  A lemure (D:5)
  2 hounds (D:5)
  A gnoll bouda (D:5)
  3 orc priests
  Crazy Yiuf (D:2)
  Jessica (D:2)
  Ijyb (D:4)
  Terence (D:2)
  3 orc wizards
  3 gnolls (D:3)
  4 adders
  2 worms (D:3)
  2 dart slugs
  8 orcs
  3 ball pythons
  2 endoplasms
  2 giant cockroaches (D:2)
  4 goblins
  4 hobgoblins
  4 kobolds
  3 quokkas
  6 bats
  3 frilled lizards
  3 rats
70 creatures vanquished.

Notes
Turn   | Place    | Note
-------+----------+-------------------------------------------
     0 | D:1      | lunkers the Meteoran Shapeshifter began the quest for the
                  | Orb.
     0 | D:1      | Reached XP level 1. HP: 16/16 MP: 2/2
    85 | D:1      | Reached skill level 4 in Unarmed Combat
   157 | D:1      | Reached XP level 2. HP: 19/23 MP: 3/3
   374 | D:2      | Noticed Terence
   384 | D:2      | Killed Terence
   385 | D:2      | Reached skill level 5 in Unarmed Combat
   385 | D:2      | Reached XP level 3. HP: 28/28 MP: 4/4
   430 | D:2      | Reached XP level 4. HP: 35/35 MP: 5/5
   629 | D:2      | Noticed Jessica
   635 | D:2      | Killed Jessica
   636 | D:2      | Reached skill level 6 in Unarmed Combat
   649 | D:2      | Found a runed translucent door.
   650 | D:2      | Noticed Crazy Yiuf
   659 | D:2      | Killed Crazy Yiuf
   660 | D:2      | Reached XP level 5. HP: 29/40 MP: 6/6
   891 | D:3      | Reached skill level 7 in Unarmed Combat
   898 | D:3      | Reached XP level 6. HP: 12/47 MP: 7/7
  1074 | D:3      | Reached skill level 8 in Unarmed Combat
  1367 | D:4      | You fall into a shaft and drop 1 floor!
  1367 | D:5      | Entered Level 5 of the Dungeon
  1404 | D:5      | Noticed an ice beast
  1408 | D:5      | Killed an ice beast
  1409 | D:5      | Reached XP level 7. HP: 52/52 MP: 8/8
  1473 | D:4      | Noticed Ijyb
  1480 | D:4      | Killed Ijyb
  1481 | D:4      | Reached skill level 9 in Unarmed Combat
  1503 | D:4      | Found a shadowy altar of Dithmenos.
  1504 | D:4      | Found a broken altar of Ashenzari.
  1771 | D:5      | Noticed Pikel
  1786 | D:5      | Killed Pikel
  1787 | D:5      | Reached skill level 11 in Unarmed Combat
  1787 | D:5      | Reached XP level 8. HP: 53/59 MP: 9/9
  1904 | D:5      | Noticed Grinder
  1912 | D:5      | Killed Grinder
  1913 | D:5      | Reached skill level 12 in Unarmed Combat
  1937 | D:5      | Gained mutation: You passively map the area around you.
                  | [Meteoran growth]
  1937 | D:5      | Reached XP level 9. HP: 64/64 MP: 10/10
  1944 | D:5      | Slain by a gnoll

Illustrated notes

Levels and vault maps discovered:
D:1:      nzn_arrival_depleted_hourglass, layout_basic, minmay_box_of_dots
D:2:      layout_basic, shapermc_ecumenical_altar_hornbeckon, st_stairs_9,
          uniq_crazy_yiuf_cottage, uniq_terence, uniq_jessica
D:3:      layout_loops_ring
D:4:      layout_gridville, amethyst_overflow_temple_binary, serial_shops,
          nicolae_shop_just_a_little_nook, uniq_ijyb
D:5:      layout_gridville, uniq_grinder, uniq_pikel

Skill      XL: |  1  2  3  4  5  6  7  8 |
---------------+-------------------------+-----
Unarmed Combat | 4 5 6 7 8 11 12 | 12.0
Fighting       | |  1.5
Dodging        | |  2.8
Shapeshifting  | |  3.6

Action                     |  1- 3 |  4- 6 |  7- 9 || total
---------------------------+-------+-------+-------++-------
  Melee: Unarmed           |    33 |    90 |    79 ||   202
         Punch             |     1 |     2 |     4 ||     7
  Evoke: Wand              |       |       |     3 ||     3
    Use: Potion            |     1 |       |       ||     1
         Scroll            |       |     6 |     4 ||    10
   Stab: Paralysed         |       |       |     6 ||     6
 Armour: Animal skin       |     3 |       |       ||     3
         Ring mail         |     8 |    18 |    23 ||    49
         Skin              |     3 |       |       ||     3
  Dodge: Dodged            |     8 |    36 |    31 ||    75

Table legend: (Time is in decaauts)
 A = Elapsed time spent in this place.
 B = Non-inter-level travel time spent in this place.
 C = Inter-level travel time spent in this place.
 D = Time resting spent in this place.
 E = Time spent auto-exploring this place.
 F = Levels seen in this place.
 G = Mean time per level.
                   A        B        C        D        E       F      G
               +--------+--------+--------+--------+--------+-----+--------+
         Total |   1914 |   1905 |      9 |      6 |   1327 |   5 |  382.8 |
       Dungeon |   1914 |   1905 |      9 |      6 |   1327 |   5 |  382.8 |
               +--------+--------+--------+--------+--------+-----+--------+

Top non-repeatable levels by time:
     D:2: 545 daAuts
     D:3: 501 daAuts
     D:5: 326 daAuts
     D:1: 276 daAuts
     D:4: 265 daAuts
